 Dungeon Crawl Stone Soup version 0.29-a0-330-g52719c12eb (webtiles) character file.

Game seed: 12744927870724276959

670 kae the Changer (level 7, -3/52 HPs)
             Began as a Pale Draconian Transmuter on May 14, 2022.
             Slain by a gnoll shaman
             ... wielding a +0 whip
              (13 damage)
             ... on level 4 of the Dungeon.
             The game lasted 00:04:47 (5549 turns).

kae the Changer (Pale Draconian Transmuter)         Turns: 5549, Time: 00:04:48

Health: -3/52      AC:  2    Str: 13    XL:     7   Next: 32%
Magic:  7/13       EV: 19    Int: 15    God:
Gold:   211        SH:  0    Dex: 16    Spells: 4/14 levels left

rFire   . . .      SeeInvis .     - Unarmed
rCold   . . .      Faith    .   (shield currently unavailable)
rNeg    . . .      Spirit   .   (body armour unavailable)
rPois   x          Reflect  .   (helmet currently unavailable)
rElec   .          Harm     .   (cloak currently unavailable)
rCorr   .          Rampage  .   (gloves currently unavailable)
Will    .....                   (boots currently unavailable)
Stlth   +.........              (no amulet)
HPRegen 0.17/turn               (no ring)
MPRegen 0.13/turn               (no ring)

@: lit by a corona, spider-form (expiring), very slightly contaminated, glowing
A: venomous fangs, (breathe steam), AC +6, tiny, unfitting armour,
(cold-blooded), (steam resistance)
a: End Transformation


You were on level 4 of the Dungeon.
You were a venomous arachnid creature.
You visited 1 branch of the dungeon, and saw 5 of its levels.

You collected 211 gold pieces.

Inventory:

Hand Weapons
 d - a +1 whip (melded)
Armour
 e - a +0 pair of gloves (melded)
Scrolls
 f - 3 scrolls of blinking
 g - a scroll of fear
 i - a scroll of teleportation
 k - 2 scrolls of vulnerability
Potions
 a - 2 potions of lignification
 b - 2 potions of attraction
 c - 2 potions of curing
 h - a potion of brilliance {unknown}
 j - a potion of haste
 o - a potion of flight


   Skills:
 - Level 1.1 Fighting
 - Level 1.7 Dodging
 + Level 4.9 Unarmed Combat
 + Level 4.0 Spellcasting
 * Level 5.9 Transmutations
 - Level 1.0 Poison Magic


You had 4 spell levels left.
You knew the following spells:

 Your Spells              Type           Power      Damage    Failure   Level
a - Beastly Appendage     Tmut           42%        N/A       7%          1
b - Wereblood             Tmut           21%        N/A       9%          2
c - Spider Form           Tmut/Pois      13%        N/A       30%         3
d - Ice Form              Ice/Tmut       12%        N/A       67%         4

Your spell library contained the following spells:

 Spells                   Type           Power      Damage    Failure   Level
 Sublimation of Blood     Necr           3%         N/A       47%         2
 Animate Dead             Necr           1%         N/A       96%         4
 Summon Ice Beast         Ice/Summ       3%         N/A       96%         4
 Death's Door             Necr           1%         N/A       100%        9


Dungeon Overview and Level Annotations

Branches:
Dungeon (5/15)             Temple (0/1) D:4

Altars:
Wu Jian

Annotations:
D:2 1 runed translucent door, Crazy Yiuf


Innate Abilities, Weirdness & Mutations

You are a venomous arachnid creature.
You have poisonous fangs.
You are tiny and dextrous.
Your spellcasting is less reliable in this form.
Your armour is entirely melded.
You are incapable of wielding weapons or throwing items.
((You can breathe blasts of scalding, opaque steam.))
((Your pale cyan-grey scales are hard. (AC +6)))
You cannot fit into any form of body armour.
((You are cold-blooded and may be slowed by cold attacks.))
((You are immune to the effects of steam.))


Message History

Found a leather armour.
There is a stone staircase leading up here.
The orc shouts!
You climb upwards.
There is a stone staircase leading down here.
The gnoll shaman prays to its god.
The gnoll shaman is healed somewhat.
Casting: Spider Form (dangerous; 13% risk of failure)
Confirm with . or Enter, or press ? or * to list all spells.
You miscast Spider Form.
You are very lightly contaminated with residual magic.
Nothing appears to happen.
The gnoll shaman looks more healthy.
Casting: Spider Form (dangerous; 13% risk of failure)
Confirm with . or Enter, or press ? or * to list all spells.
You turn into a venomous arachnid creature.
Your +1 whip melds into your body.
Your +0 pair of gloves melds into your body.
The gnoll shaman completely misses you.
You hit the gnoll shaman but do no damage.
The gnoll shaman is poisoned.
The gnoll shaman is heavily wounded.
The gnoll shaman barely misses you.
You hit the gnoll shaman.
The gnoll shaman looks as sick as possible!
The gnoll shaman is almost dead.
The gnoll shaman utters an invocation to its god.
The gnoll shaman is healed somewhat.
You barely miss the gnoll shaman.
The gnoll shaman is severely wounded.
The gnoll shaman hits you with a +0 whip!
* * * LOW HITPOINT WARNING * * *
You barely miss the gnoll shaman.
The gnoll shaman is severely wounded.
The gnoll shaman hits you with a +0 whip.
* * * LOW HITPOINT WARNING * * *
You hit the gnoll shaman but do no damage.
The gnoll shaman is severely wounded.
Your transformation is almost over.
The gnoll shaman hits you with a +0 whip!
You die...

....[.....>.###..................
#######......##.######...........
##.#......#####......##....
##g##............###.##....
#..##.#.#####....###.#..#..
##.###.#.####..#...##.#.##..
######..###........##......#.##..
..................###.|..###.##..
######.>.......gs.###....###.##..
..........>.####..........##.##..
##..........#######..........###.
#................##....#...####.
#.....####.....#.......#........
#.....# #.....###.........#####
####### #.....##...............
#.....#..#######...####
##########.......## #....####


You could see a gnoll shaman (extremely poisoned).

Vanquished Creatures
  Sigmund (D:3)
  Edmund (D:4)
  2 jellies
  4 hounds
  2 iguanas
  Robin (D:3)
  4 gnolls (D:4)
  3 adders
  A worm (D:3)
  A dart slug (D:2)
  5 orcs
  6 endoplasms
  4 giant cockroaches
  10 goblins
  9 hobgoblins
  9 jackals
  4 kobolds
  4 quokkas
  3 ball pythons
  2 bats
  2 frilled lizards
  3 rats
81 creatures vanquished.

Notes
Turn   | Place    | Note
-------+----------+-------------------------------------------
     0 | D:1      | kae the Draconian Transmuter began the quest for the Orb.
     0 | D:1      | Reached XP level 1. HP: 16/16 MP: 3/3
   215 | D:1      | Reached XP level 2. HP: 22/23 MP: 3/5
   218 | D:1      | Learned a level 2 spell: Wereblood
  1610 | D:1      | Found a faded altar of an unknown god.
  1746 | D:2      | Reached XP level 3. HP: 28/28 MP: 4/6
  1750 | D:2      | Learned a level 3 spell: Spider Form
  1820 | D:2      | Found a runed translucent door.
  1821 | D:2      | Noticed Crazy Yiuf
  1902 | D:2      | Reached skill level 3 in Transmutations
  2919 | D:3      | Reached XP level 4. HP: 16/35 MP: 5/7
  3131 | D:3      | Noticed Robin
  3144 | D:3      | Reached skill level 1 in Poison Magic
  3153 | D:3      | Killed Robin
  3264 | D:3      | Noticed Sigmund
  3269 | D:4      | Noticed Edmund
  3488 | D:3      | Killed Sigmund
  3489 | D:3      | Reached skill level 4 in Transmutations
  3489 | D:3      | Reached XP level 5. HP: 37/40 MP: 3/9
  3489 | D:3      | Reached XP level 6. HP: 43/47 MP: 3/10
  3993 | D:3      | Found an ornate altar of the Wu Jian Council.
  4077 | D:4      | Killed Edmund
  4078 | D:4      | Reached skill level 5 in Transmutations
  4888 | D:4      | Your scales start taking on a pale cyan-grey colour.
  4888 | D:4      | Reached XP level 7. HP: 45/52 MP: 8/12
  4888 | D:4      | Gained mutation: You are immune to the effects of steam.
                  | [Pale Draconian growth]
  5024 | D:4      | Found a staircase to the Ecumenical Temple.
  5045 | D:4      | Got the Almanac of Dark Rituals and Cold
  5103 | D:4      | Learned a level 4 spell: Ice Form
  5324 | D:5      | Entered Level 5 of the Dungeon
  5549 | D:4      | Slain by a gnoll shaman

Illustrated notes

Levels and vault maps discovered:
D:1:      eino_arrival_water_star, layout_basic,
          dilly_ecumenical_altar_fadedgnrine
D:2:      layout_loops_ring, uniq_crazy_yiuf_cottage
D:3:      layout_basic, nicolae_wu_jian_glorious_leap, uniq_robin, uniq_sigmund
D:4:      layout_rooms, temple_green, uniq_edmund
D:5:      layout_rooms, mainiacjoe_overflow_tiny_flanked,
          gammafunk_ghost_necromancy, minmay_holes, nrook_campfire, uniq_grinder

Skill      XL: |  1  2  3  4  5  6  7 |
---------------+----------------------+-----
Transmutations | 3 4 5 |  5.9
Poison Magic   | 1 |  1.0
Unarmed Combat | 4 |  4.9
Spellcasting   | 3 4 |  4.0
Fighting       | |  1.1
Dodging        | |  1.7

Action                   |  1- 3 |  4- 6 |  7- 9 || total
-------------------------+-------+-------+-------++-------
Melee: Unarmed           |    45 |    84 |    38 ||   167
       Kick              |    14 |     7 |       ||    21
       Tailslap          |    15 |     4 |       ||    19
       Punch             |     3 |     1 |       ||     4
       Whip              |   128 |    34 |       ||   162
       Headbutt          |     8 |     5 |       ||    13
 Cast: Beastly Appendage |    24 |     8 |       ||    32
       Wereblood         |     2 |     2 |       ||     4
       Spider Form       |     1 |    10 |     7 ||    18
  Use: Scroll            |     2 |    10 |     2 ||    14
       Potion            |     1 |     1 |       ||     2
 Stab: Sleeping          |     1 |       |       ||     1
Armor: Skin              |    64 |    12 |     3 ||    79
Dodge: Dodged            |   133 |    93 |    26 ||   252

Table legend: (Time is in decaauts)
 A = Elapsed time spent in this place.
 B = Non-inter-level travel time spent in this place.
 C = Inter-level travel time spent in this place.
 D = Time resting spent in this place.
 E = Time spent auto-exploring this place.
 F = Levels seen in this place.
 G = Mean time per level.
                   A        B        C        D        E       F      G
               +--------+--------+--------+--------+--------+-----+--------+
         Total |   5566 |   5444 |    122 |   1638 |   2943 |   5 | 1113.2 |
       Dungeon |   5566 |   5444 |    122 |   1638 |   2943 |   5 | 1113.2 |
               +--------+--------+--------+--------+--------+-----+--------+

Top non-repeatable levels by time:
     D:1: 1683 daAuts
     D:3: 1300 daAuts
     D:2: 1210 daAuts
     D:4: 1178 daAuts
     D:5: 193 daAuts
